[Event "Late-Titled-Tuesday-Blitz-May-14-2024"]
[Site "Chess.com"]
[Date "2024.05.14"]
[Round "5"]
[White "kinga2008"]
[Black "Abund"]
[Result "0-1"]
[WhiteElo "2532"]
[BlackElo "2772"]
[TimeControl "180+1"]
[EndTime "14:55:59 PDT"]
[Termination "Abund won by resignation"]

1. e4 c6 2. d4 d5 3. Nc3 dxe4 4. Nxe4 Nf6 5. Nxf6+ exf6 6. Nf3 Bd6 7. Bd3 O-O 8.
h3 Re8+ 9. Be3 Bf4 10. Qd2 Qe7 11. O-O-O Bxe3 12. fxe3 Qxe3 13. Qxe3 Rxe3 14. Rhe1 Rxe1 15. Rxe1 Kf8 16. Nd2 Be6 17. Bc4 Bxc4 18. Nxc4 Nd7 19. Nd6 b6 20. Re3 Rd8 21. Nf5 g6 22. Ng3 f5 23. Rc3 c5 24. Rd3 Ke7 25. Ne2 Nf6 26. Re3+ Kd6 27. dxc5+ Kxc5 28. Rc3+ Kd6 29. Nd4 Rd7 30. Rd3 Ke5 31. Nc6+ Kf4 32. Rf3+ Ke4 33. Nb4 f4 34. Nd3 g5 35. Rf2 Nd5 36. Re2+ Ne3 37.
Nf2+ Kf5 38. c3 h5 39. g3 fxg3 40. Rxe3 gxf2 41. Rf3+ Ke4 42. Rxf2 g4 43. hxg4 hxg4 44. a4 g3 45. Rf1 g2 46. Rg1 Kf3 0-1

[Event "Late-Titled-Tuesday-Blitz-May-14-2024"]
[Site "Chess.com"]
[Date "2024.05.14"]
[Round "5"]
[White "MaxLeto"]
[Black "Sinquefield"]
[Result "0-1"]
[WhiteElo "2388"]
[BlackElo "2579"]
[TimeControl "180+1"]
[EndTime "14:55:59 PDT"]
[Termination "Sinquefield won by checkmate"]

1. g4 d5 2. Bg2 e5 3. d4 e4 4. c4 c6 5. Nc3 h6 6. Qb3 Nf6 7.
g5 hxg5 8. Bxg5 dxc4 9. Qxc4 Be6 10. Qa4 Qb6 11. O-O-O Nbd7 12. Nxe4 Nxe4 13. Bxe4 Nf6 14. Bxf6 gxf6 15. d5 Bd7 16. dxc6 bxc6 17. Nf3 Rb8 18. Rd2 f5 19. Ne5 Qc5+ 20. Kb1 Qxe5 21. Bxc6 Bd6 22. Bxd7+ Ke7 23. Rhd1 Rb6 24. Bc6 Rhb8 25. b3 Bc5 26. Bd5 a6 27. e3 Kf8 28. h4 Be7 29. h5 Bf6 30. Rd4 Rc8 31. Bc4 Rbc6 32. h6 Kg8 33.
Rg1+ Kh7 34. Rh1 f4 35. exf4 Qxd4 36. Bd3+ Qxd3# 0-1

[Event "Late-Titled-Tuesday-Blitz-May-14-2024"]
[Site "Chess.com"]
[Date "2024.05.14"]
[Round "5"]
[White "el_sporco"]
[Black "Byniolus"]
[Result "0-1"]
[WhiteElo "2359"]
[BlackElo "2750"]
[TimeControl "180+1"]
[EndTime "14:55:59 PDT"]
[Termination "Byniolus won by resignation"]

1. e4 d6 2. d4 a6 3. Nc3 g6 4. Nf3 e6 5. Be3 c6 6. Bd3 b6 7. O-O f6 8. Re1 Ne7 9. Qd2 h6 10. Rad1 Bg7 11. Ne2 Qc7 12. Nf4 e5 13. Ne2 Nd7 14. c3 Bb7 15. a4 O-O-O 16. Qc2 Kb8 17. b4 d5 18. b5 f5 19. bxa6 Ba8 20. a5 fxe4 21. axb6 Nxb6 22. Rb1 Nc8 23. Bxe4 dxe4 24. Qxe4 c5 25. Qxg6 Bxf3 26. dxc5 Bxe2 27. cxb6 Qd6 28. Qxg7 Bxa6 29. c4 Rhg8 30. Qh7 Bb7 31. f3 Bxf3 32.
Rb2 Bb7 33. c5 Qc6 34. Qc2 Ne7 35. Ra1 Nf5 36. Bc1 Nd4 37. Qf2 Rdf8 38. Qe1 Rxg2+ 0-1

[Event "Late-Titled-Tuesday-Blitz-May-14-2024"]
[Site "Chess.com"]
[Date "2024.05.14"]
[Round "5"]
[White "patzer-reloaded"]
[Black "WALDOCHESS"]
[Result "1-0"]
[WhiteElo "2384"]
[BlackElo "2013"]
[TimeControl "180+1"]
[EndTime "14:55:59 PDT"]
[Termination "patzer-reloaded won by checkmate"]

1. d4 Nf6 2. c4 c5 3. e3 e6 4. Nf3 d5 5. Nc3 cxd4 6. exd4 Bb4 7. cxd5 Nxd5 8. Bd2 O-O 9. Bd3 Nc6 10. O-O a6 11.
Bxh7+ Kxh7 12. Ng5+ Kg8 13. Qh5 Nf6 14. Qh4 Ne7 15.
Nce4 Ned5 16. Bxb4 Re8 17. Nxf6+ Nxf6 18. Rad1 Qd5 19.
Rd3 e5 20. Re1 Bf5 21. Rf3 Bg6 22. dxe5 Rxe5 23. Nh3 Rxe1+ 24. Bxe1 Re8 25. Re3 Rxe3 26. fxe3 Qxa2 27. Nf4 Qb1 28. Qf2 Ne4 29. Qe2 Bf5 30. h3 Nc5 31. Kh2 Bd3 32. Qd2 Be4 33. Bg3 g6 34. Qd8+ Kg7 35. Nd5 Qd3 36. Be5+ Kh6 37. Qh8+ Kg5 38. Qf6+ Kh6 39. Qh8+ Kg5 40. Bf4+ Kf5 41.
Qf6# 1-0

[Event "Late-Titled-Tuesday-Blitz-May-14-2024"]
[Site "Chess.com"]
[Date "2024.05.14"]
[Round "5"]
[White "DominguezOnYoutube"]
[Black "NikitaShnadrygin"]
[Result "1/2-1/2"]
[WhiteElo "3009"]
[BlackElo "2763"]
[TimeControl "180+1"]
[EndTime "14:56:00 PDT"]
[Termination "Game drawn by agreement"]

1. e4 c5 2. Nf3 e6 3. d4 cxd4 4. Nxd4 Nf6 5. Nc3 Nc6 6. Ndb5 Bb4 7. a3 Bxc3+ 8. Nxc3 d5 9. exd5 exd5 10. Bd3 O-O 11. O-O Bg4 12. f3 Bh5 13. Bg5 Qb6+ 14. Kh1 Ne4 15. Nxe4 dxe4 16. Bxe4 Qxb2 17. Rb1 Qxa3 18.
Rxb7 Qa6 19. Rd7 Bg6 20. Bd5 Bxc2 21. Qa1 Qxa1 22. Rxa1 Rac8 23. h4 a5 24. Bf4 Bf5 25.
Rb7 Be6 26. Be4 h6 27. Kh2 Rfd8 28. Rb6 Nb4 29. Rxa5 Nd5 30. Bxd5 Rxd5 31. Ra7 Rc2 32. Kg3 Kh7 33. Rd6 Rb5 34. Rd8 Kg6 35. Rd2 Rbb2 36. Rxc2 Rxc2 37. Ra6 Kh7 38. Rd6 Bc4 39. Rd2 Rc3 40.
Be5 Rd3 41. Rxd3 Bxd3 42. Kf4 Bc4 43. Bd4 Kg6 1/2-1/2

[Event "Late-Titled-Tuesday-Blitz-May-14-2024"]
[Site "Chess.com"]
[Date "2024.05.14"]
[Round "5"]
[White "chess_sharparchitect"]
[Black "Squirlolz"]
[Result "0-1"]
[WhiteElo "2360"]
[BlackElo "2571"]
[TimeControl "180+1"]
[EndTime "14:56:00 PDT"]
[Termination "Squirlolz won on time"]

1. c4 b6 2. Nc3 Bb7 3. e4 e6 4. a3 g6 5. d4 Bg7 6. Nf3 d6 7. Bd3 Nd7 8. Bg5 Ne7 9. Qd2 h6 10. Be3 g5 11. h3 Ng6 12. d5 Nc5 13.
dxe6 fxe6 14. e5 Nxe5 15. Nxe5 Bxe5 16. Bg6+ Kf8 17. Bxc5 bxc5 18. O-O Kg7 19. Bd3 Rf8 20. Rae1 Rb8 21. b4 cxb4 22. axb4 Qf6 23. Ne4 Bxe4 24. Rxe4 Bc3 25. Qe3 e5 26. Qxa7 Rbc8 27. c5 d5 28. Re2 e4 29. Ba6 Rce8 30. Qxc7+ Rf7 31. Qa5 d4 32.
Bc4 d3 33. Re3 Rb7 34. Qa6 Rxb4 35. Qa7+ Re7 36. Qa2 Bd4 37. Ree1 Bxc5 38. Rc1 Ra7 39. Qd2 Rb2 40. Qe1 d2 41. Qxe4 dxc1=Q 42. Rxc1 Rxf2 43. Kh1 Rf4 44. Qe8 Rxc4 0-1

[Event "Late-Titled-Tuesday-Blitz-May-14-2024"]
[Site "Chess.com"]
[Date "2024.05.14"]
[Round "5"]
[White "1g60-1"]
[Black "SoCalJuniorChess"]
[Result "1-0"]
[WhiteElo "2417"]
[BlackElo "2224"]
[TimeControl "180+1"]
[EndTime "14:56:00 PDT"]
[Termination "1g60-1 won by checkmate"]

1. Nf3 Nf6 2. e3 c5 3. c4 Nc6 4. Nc3 e5 5. d3 d6 6. Be2 g6 7. O-O Bg7 8. e4 O-O 9. Nd5 Nxd5 10. cxd5 Nd4 11. Nxd4 cxd4 12. Bd2 Qb6 13. Qb3 f5 14. f3 Bd7 15. Qa3 Rac8 16. Bb4 Rc2 17. Bd1 Rfc8 18. Bxc2 Rxc2 19. Rac1 Rxc1 20. Rxc1 Bh6 21.
Rc2 Bf8 22. Kf2 Bb5 23. Ke2 Qd8 24. Qa5 Qe8 25. Qc7 g5 26. exf5 e4 27. fxe4 Qxe4+ 28. Kd1 Qxd3+ 29. Rd2 Qb1+ 30. Qc1 Qe4 31. b3 Qg4+ 32.
Kc2 Qxf5+ 33. Kb2 Qxd5 34. Qc8 Qe5 35. Rf2 d3+ 36. Bc3 Qd5 37. Qxf8# 1-0

[Event "Late-Titled-Tuesday-Blitz-May-14-2024"]
[Site "Chess.com"]
[Date "2024.05.14"]
[Round "5"]
[White "Incognito_Knight"]
[Black "RespectfulDaveOnYouTube"]
[Result "1-0"]
[WhiteElo "2723"]
[BlackElo "2517"]
[TimeControl "180+1"]
[EndTime "14:56:02 PDT"]
[Termination "Incognito_Knight won by checkmate"]

1. Nf3 d5 2. b3 Nf6 3. Bb2 Bg4 4. g3 Nbd7 5. Bg2 e6 6. O-O Bd6 7. d3 a5 8. a3 c6 9. Nbd2 Qc7 10. c4 h6 11. Rc1 O-O 12. cxd5 exd5 13. Nd4 Qb6 14. h3 Bh5 15. Nf5 Be5 16. Bxe5 Nxe5 17. g4 Bg6 18. Ng3 Rfe8 19. Qc2 h5 20. g5 Nh7 21. h4 Qd4 22. Qc3 Qxh4 23. d4 Nd7 24. f4 Be4 25.
Ndxe4 dxe4 26. Nxe4 Qg4 27. Qf3 Nhf8 28. Qxg4 hxg4 29.
f5 Nh7 30. Rf4 g3 31. Rg4 Re7 32. Rc3 Rae8 33. Rcxg3 c5 34. dxc5 Re5 35. g6 fxg6 36.
Rxg6 R8e7 37. Bf3 Ndf8 38. R6g5 Rxe4 39. Bxe4 Rxe4 40. Rxg7+ Kh8 41. Rg8# 1-0

[Event "Late-Titled-Tuesday-Blitz-May-14-2024"]
[Site "Chess.com"]
[Date "2024.05.14"]
[Round "5"]
[White "baki83"]
[Black "Mischuk_D"]
[Result "0-1"]
[WhiteElo "2906"]
[BlackElo "2712"]
[TimeControl "180+1"]
[EndTime "14:56:03 PDT"]
[Termination "Mischuk_D won on time"]

1. e4 e6 2. d4 d5 3. exd5 exd5 4. Nf3 Nf6 5. Bd3 c5 6. c3 Nc6 7. O-O cxd4 8. Re1+ Be7 9. Nxd4 Nxd4 10. cxd4 O-O 11. Nc3 h6 12. Bf4 Bd6 13. Be5 Be6 14. Nb5 Bb8 15. Rc1 a6 16. Nc7 Bxc7 17. Rxc7 b5 18. Bb1 Rc8 19. Rxc8 Bxc8 20. Qc2 g6 21. Qc6 Ne4 22. f3 Ng5 23. Bxg6 Be6 24. Bb1 Qc8 25. Rc1 Qd8 26. Qc2 f5 27. Qd2 Nf7 28. Bf4 Kg7 29.
Kf2 Qf6 30. Re1 Rc8 31. a3 Rc4 32. Rd1 Qd8 33. b3 Rc6 34. Qe3 Qf6 35. Kg1 Qe7 36. h3 Qxa3 37. Kh2 Qe7 38. Re1 Qf6 39. Bg3 a5 40. Bf4 a4 41. bxa4 bxa4 42. Qa3 Rc4 43. Be3 f4 44. Bf2 Bf5 45. Ba2 Rc2 46. Kg1 Qg6 47.
Bxd5 Bxh3 48. g4 fxg3 49. Be3 Rg2+ 50. Kh1 Rh2+ 51. Kg1 Qc2 52. f4 Rh1+ 0-1

[Event "Late-Titled-Tuesday-Blitz-May-14-2024"]
[Site "Chess.com"]
[Date "2024.05.14"]
[Round "5"]
[White "Viktoker"]
[Black "Artem_Koval"]
[Result "1-0"]
[WhiteElo "2406"]
[BlackElo "2575"]
[TimeControl "180+1"]
[EndTime "14:56:03 PDT"]
[Termination "Viktoker won on time"]

1. d4 d5 2. c4 e6 3. Nf3 Nf6 4. g3 Be7 5. Bg2 O-O 6. O-O dxc4 7. Na3 Bxa3 8. bxa3 Nbd7 9. a4 Re8 10. Qc2 e5 11. Qxc4 e4 12. Ng5 Qe7 13. Qxc7 h6 14.
Nh3 Nd5 15. Qc2 N7f6 16. Nf4 Bf5 17. Nxd5 Nxd5 18. Qb3 Qd7 19. Be3 Bg4 20. Rfe1 Rab8 21. Rac1 Rec8 22. Rc5 Be6 23. Bxe4 Rxc5 24. dxc5 Nf6 25.
Qd3 Qxa4 26. Bf3 Qxa2 27. Qd6 Re8 28. Bxb7 Bd5 29. Bxd5 Nxd5 30. c6 Nxe3 31. fxe3 Qc4 32. Qd7 Qe6 33. Qxe6 fxe6 34. Ra1 Rc8 35. Ra6 Rc7 36.
Kf2 Kf7 37. Kf3 Ke7 38. Ke4 Kd6 39. Kd4 Rxc6 40. Rxa7 1-0

[Event "Late-Titled-Tuesday-Blitz-May-14-2024"]
[Site "Chess.com"]
[Date "2024.05.14"]
[Round "5"]
[White "ReadySkate"]
[Black "sergoy"]
[Result "0-1"]
[WhiteElo "2736"]
[BlackElo "3006"]
[TimeControl "180+1"]
[EndTime "14:56:04 PDT"]
[Termination "sergoy won by resignation"]

1. d4 Nf6 2. c4 e6 3. Nc3 Bb4 4. f3 c5 5. d5 exd5 6. cxd5 d6 7. e4 O-O 8. Bd3 b5 9. Ne2 a6 10. O-O Nbd7 11. a4 c4 12. Bc2 bxa4 13. Kh1 Ne5 14.
Nxa4 a5 15. Nd4 Ba6 16. f4 Nd3 17. Nc6 Qe8 18. Nb6 Nxe4 19. Bxd3 cxd3 20. Nxb4 axb4 21.
Nxa8 Qxa8 22. Be3 Qb7 23. f5 d2 24. Rf4 Bd3 25. Bxd2 Qxd5 26. Be3 Re8 27. Qf3 Qe5 28. Rd1 Bc2 29. Rd4 Ng5 30. Qc6 Qxe3 31. h4 Nh3 32. Rf1 h5 33. Rxd6 Bxf5 34. Qf3 Qxf3 35. Rxf3 Bg4 36.
Rg3 Nf4 37. Re3 Rxe3 0-1

[Event "Late-Titled-Tuesday-Blitz-May-14-2024"]
[Site "Chess.com"]
[Date "2024.05.14"]
[Round "5"]
[White "super_emi_26"]
[Black "Leebit02"]
[Result "1-0"]
[WhiteElo "2869"]
[BlackElo "2589"]
[TimeControl "180+1"]
[EndTime "14:56:04 PDT"]
[Termination "super_emi_26 won on time"]

1. b3 Nf6 2. Bb2 d5 3. e3 g6 4. Nf3 Bg7 5. c4 O-O 6. Be2 dxc4 7. bxc4 c5 8. O-O Nc6 9. d3 b6 10. Nbd2 Bb7 11. a3 Qc7 12. Qc2 Rfd8 13. Rfd1 Rd7 14.
h3 Rad8 15. Nb3 e5 16. Bc3 Ne8 17. Rd2 h6 18. Rad1 Nd6 19. Qb2 Nf5 20. Bf1 Re8 21.
Qa1 Kh7 22. Qb2 Qb8 23. Nc1 Qd8 24. Ne2 Nh4 25. Nxh4 Qxh4 26. Ng3 f5 27. Be2 Qe7 28. Bf3 Rd6 29. Bd5 Nd8 30. e4 f4 31. Nf1 Ne6 32.
Re1 Nd4 33. Bxd4 exd4 34. Rdd1 Be5 35. Qe2 Bc8 36. Nh2 h5 37. a4 a5 38. Nf3 Qf6 39.
Kh2 Kh6 40. Rg1 g5 41. g4 fxg3+ 42. fxg3 h4 43. Nxe5 Qxe5 44. Rdf1 Rf6 45. Rxf6+ Qxf6 46. Rf1 Qe5 47. Qf3 Qxg3+ 48. Qxg3 hxg3+ 49. Kxg3 Kg7 50. Rf7+ Kg6 51. Rc7 Rh8 52. Rc6+ Kg7 53. Kf2 Bxh3 54. Rxb6 Rf8+ 55. Kg3 Bf1 56. e5 Bxd3 57. e6 Re8 58.
Rb7+ Kf6 59. Rf7+ Kg6 60. Rc7 Kf6 61. Rxc5 Bc2 62. Kf2 Bxa4 63. Rxa5 Bc2 64. Ra7 Re7 65. Ra8 Rc7 66. Rf8+ Kg7 67. Rf3 Bg6 68. Ke2 d3+ 69. Ke3 Ra7 70. Rf2 Rc7 71. Kd4 g4 72. Ke5 g3 73.
Rg2 d2 74. Rxd2 Re7 75. Rg2 1-0

[Event "Late-Titled-Tuesday-Blitz-May-14-2024"]
[Site "Chess.com"]
[Date "2024.05.14"]
[Round "5"]
[White "Eliwood44"]
[Black "BestestBP"]
[Result "0-1"]
[WhiteElo "2434"]
[BlackElo "2197"]
[TimeControl "180+1"]
[EndTime "14:56:04 PDT"]
[Termination "BestestBP won by checkmate"]

1. d4 Nf6 2. c4 d6 3. Nc3 g6 4. e4 Bg7 5. Be2 O-O 6. h4 Nbd7 7.
h5 e5 8. d5 Nc5 9. h6 Bh8 10.
f3 Ne8 11. Be3 f5 12. b4 Na6 13. a3 f4 14. Bf2 Qg5 15. Bf1 c6 16. Qd2 Bd7 17. dxc6 bxc6 18. c5 Nac7 19. cxd6 Ne6 20. Nh3 Qd8 21. Bc4 Bc8 22. d7 Qxd7 23. Qxd7 Bxd7 24. Rd1 Bc8 25. Ng5 Nc7 26. Rd6 Re8 27.
Rxc6 Bf6 28. Rxc7 Bxg5 29. Rc6 Kh8 30. Nd5 Bb7 31. Rxe6 Rxe6 32. Nc7 Rc6 33. Nxa8 Rxc4 34. Ke2 Bxa8 35. Rd1 Rc2+ 36. Kf1 Bc6 37. Bxa7 Kg8 38.
Bc5 Bb5+ 39. Kg1 Bh4 40. Kh1 Ra2 41. Bg1 g5 42. Rd5 Bf1 43. Rd8+ Kf7 44. Rd7+ Kg6 45. Rd6+ Kh5 46. Bb6 Bxg2+ 47. Kg1 Bxf3 48. Bc5 Ra1+ 49. Kh2 Bg3+ 50. Kh3 g4# 0-1

[Event "Late-Titled-Tuesday-Blitz-May-14-2024"]
[Site "Chess.com"]
[Date "2024.05.14"]
[Round "5"]
[White "AlexOstrovskiy"]
[Black "yobdc"]
[Result "1-0"]
[WhiteElo "2721"]
[BlackElo "2495"]
[TimeControl "180+1"]
[EndTime "14:56:07 PDT"]
[Termination "AlexOstrovskiy won by checkmate"]

1. e4 c5 2. Nc3 a6 3. g3 b5 4. Bg2 Bb7 5. Nge2 Nf6 6. O-O b4 7. Nd5 e6 8. Nxf6+ gxf6 9. d4 cxd4 10.
Nxd4 Nc6 11. Nxc6 Bxc6 12. Qh5 Qb6 13. Be3 Qb5 14. Qh4 Be7 15. Bd4 e5 16. Be3 h5 17.
Rad1 Qc4 18. Rd2 Qxa2 19. b3 Qa5 20. f4 Qb5 21. fxe5 fxe5 22. Bg5 Qc5+ 23. Kh1 Bxg5 24. Qxg5 h4 25. gxh4 Qe7 26. Rf5 d6 27. Rf6 O-O-O 28. Qf5+ Bd7 29. Qf1 Be6 30. Qxa6+ Qb7 31. Qa5 Rxh4 32.
c3 Rdh8 33. cxb4 Rxh2+ 34. Kg1 Kd7 35. Rff2 Ke7 36. Rc2 R2h7 37. Rc7+ Qxc7 38. Qxc7+ Kf8 39. Qxd6+ Kg7 40. Qe7 Rg8 41. Qf6+ Kf8 42. Qxe6 Rhg7 43. Qc8+ Ke7 44. Qc7+ Ke6 45. Kf1 Rg3 46. Qxf7+ Kd6 47. Rf6# 1-0

[Event "Late-Titled-Tuesday-Blitz-May-14-2024"]
[Site "Chess.com"]
[Date "2024.05.14"]
[Round "5"]
[White "lilylg"]
[Black "albayo"]
[Result "0-1"]
[WhiteElo "2211"]
[BlackElo "2405"]
[TimeControl "180+1"]
[EndTime "14:56:07 PDT"]
[Termination "albayo won on time"]

1. d4 d5 2. c4 e6 3. Nf3 c6 4. g3 dxc4 5. Bg2 b5 6. O-O Bb7 7. a4 Nd7 8. b3 cxb3 9. Qxb3 a6 10. Bb2 Ngf6 11. Ne5 Qb6 12. a5 Qc7 13. Rc1 Nxe5 14.
dxe5 Nd7 15. f4 c5 16. Nd2 Bxg2 17. Kxg2 c4 18. Qf3 Rd8 19. Ne4 Nc5 20. Nd6+ Bxd6 21. exd6 Qxd6 22. Rd1 Qxd1 23. Rxd1 Rxd1 24. Qc6+ Nd7 25.
Qc8+ Ke7 26. Qxh8 Rd2 27. Ba3+ Kf6 28. Qd8+ Kf5 29. Qg5+ Ke4 30. Qg4 c3 31. f5+ Kd5 32.
Qf3+ Kc4 33. Qe4+ Kb3 34. Qb4+ Kc2 35. Kf2 exf5 36. Ke3 Ne5 37. Qc5 Nc4+ 38. Kf2 Kb3 39. Qb4+ Kc2 40. Qc5 Rd1 41. Qxf5+ Kb3 42. Bc5 c2 43.
Qf3+ Kb2 0-1

[Event "Late-Titled-Tuesday-Blitz-May-14-2024"]
[Site "Chess.com"]
[Date "2024.05.14"]
[Round "5"]
[White "VacheH009"]
[Black "tarno17"]
[Result "1-0"]
[WhiteElo "2547"]
[BlackElo "2221"]
[TimeControl "180+1"]
[EndTime "14:56:09 PDT"]
[Termination "VacheH009 won on time"]

1. d4 d5 2. c4 e6 3. Nc3 Nf6 4. cxd5 exd5 5. Bg5 Be7 6. e3 O-O 7. Qc2 h6 8. Bh4 c6 9. Bd3 Nbd7 10. Nf3 b6 11.
O-O Bb7 12. Rfd1 Rc8 13. Rac1 Nh5 14. Bxe7 Qxe7 15. Qa4 a5 16. a3 Nhf6 17. Ne2 Ne4 18. Bxe4 dxe4 19. Nd2 Nf6 20. Qb3 b5 21. Qc3 b4 22. Qc5 Qxc5 23. Rxc5 Ba6 24. Ng3 bxa3 25.
Rxa5 Bd3 26. Rxa3 Rb8 27. b3 Rb4 28. Rc1 Rc8 29. Rc5 Nd7 30. Rca5 Rb5 31. Ra8 Rxa8 32. Rxa8+ Kh7 33. Ra7 Nf6 34. Rxf7 Ra5 35. h4 Ra1+ 36.
Ndf1 Ng4 37. Rf4 Bxf1 38. Nxf1 Nf6 39. g4 Rb1 40. Kg2 Rxb3 41. Ng3 Rb2 42. Nxe4 Nd5 43. Rf3 Re2 44. Kf1 Rc2 45. Rf7 Nb4 46. h5 1-0

[Event "Late-Titled-Tuesday-Blitz-May-14-2024"]
[Site "Chess.com"]
[Date "2024.05.14"]
[Round "5"]
[White "Christian-Toth"]
[Black "OIAM03"]
[Result "1-0"]
[WhiteElo "2380"]
[BlackElo "1967"]
[TimeControl "180+1"]
[EndTime "14:56:09 PDT"]
[Termination "Christian-Toth won on time"]

1. e4 c5 2. Nf3 d6 3. Bb5+ Bd7 4. Bxd7+ Nxd7 5. c4 g6 6. d4 Bg7 7. Nc3 cxd4 8. Nxd4 Ngf6 9. Be3 O-O 10. Rc1 Nc5 11.
f3 a5 12. Qd2 Nfd7 13. O-O Ne5 14. b3 a4 15. Qc2 axb3 16. axb3 Ned3 17. Ra1 Nb4 18. Qb2 Qd7 19. Nd5 Nc6 20. Rxa8 Rxa8 21. Nb6 Qd8 22. Nxa8 Qxa8 23. Ra1 Qc8 24. Rd1 Ne6 25. Nxc6 Qxc6 26. Qd2 b5 27. Qd5 Qxd5 28. cxd5 Nc5 29. Bxc5 dxc5 30. Kf1 Kf8 31. Rd2 Ke8 32. Ra2 Kd7 33. Ra6 Bd4 34. Ke2 c4 35. bxc4 bxc4 36.
Ra4 Be5 37. g3 c3 38. Kd3 e6 39. f4 Bg7 40. dxe6+ Kxe6 41. e5 1-0

[Event "Late-Titled-Tuesday-Blitz-May-14-2024"]
[Site "Chess.com"]
[Date "2024.05.14"]
[Round "5"]
[White "Bykov_Egor"]
[Black "szachmistrz2500"]
[Result "0-1"]
[WhiteElo "2613"]
[BlackElo "2494"]
[TimeControl "180+1"]
[EndTime "14:56:10 PDT"]
[Termination "szachmistrz2500 won by resignation"]

1. e4 c5 2. Nf3 d6 3. d4 cxd4 4.
Nxd4 Nf6 5. Nc3 a6 6. Bg5 e6 7. f4 h6 8. Bh4 Be7 9. Qd2 Nxe4 10.
Bxe7 Nxd2 11. Bxd8 Nxf1 12. Bh4 Ne3 13. Kf2 Ng4+ 14.
Kf3 Nf6 15. Bxf6 gxf6 16. Ne4 Ke7 17. Rhe1 f5 18. Ng3 Kf6 19. Rad1 b5 20. Nb3 Bb7+ 21. Kf2 Bd5 22. h3 Bxb3 23. axb3 d5 24. Nh5+ Kg6 25. g4 fxg4 26. hxg4 Nc6 27. f5+ exf5 28. Rxd5 fxg4 29.
Nf4+ Kg7 30. Rd6 Rac8 31. Nh5+ Kf8 32. Kg3 Rg8 33. Nf6 Rg6 34. Rf1 Ne5 35. Nd7+ Kg7 36.
Rd5 Nxd7 37. Rxd7 Rf6 38. Rxf6 Kxf6 39. c3 Kg5 40. Rd6 f5 41. Rxa6 Rd8 42. Rb6 Rd2 43.
Rxb5 h5 0-1

[Event "Late-Titled-Tuesday-Blitz-May-14-2024"]
[Site "Chess.com"]
[Date "2024.05.14"]
[Round "5"]
[White "banane_verte"]
[Black "noret"]
[Result "1/2-1/2"]
[WhiteElo "2539"]
[BlackElo "2154"]
[TimeControl "180+1"]
[EndTime "14:56:10 PDT"]
[Termination "Game drawn by repetition"]

1. e4 c5 2. Nf3 d6 3. d4 cxd4 4. Qxd4 Nf6 5. Bg5 Nbd7 6. Nc3 Qb6 7. Qxb6 Nxb6 8. e5 dxe5 9. Bb5+ Nfd7 10. Nxe5 a6 11.
Nxd7 Bxd7 12. Bxd7+ Nxd7 13. O-O-O f6 14. Nd5 Rc8 15. Be3 e6 16. Nf4 e5 17. Ne6 Nc5 18. Nxf8 Rxf8 19. Rd5 Ne6 20. Rhd1 Rd8 21. Rxd8+ Nxd8 22.
Bc5 Rf7 23. Bb6 Nc6 24. c3 h5 25. a4 h4 26. b4 Rd7 27. Rxd7 Kxd7 28. Kd2 Ke6 29. Kd3 Kd5 30. c4+ Ke6 31. Bc5 a5 32. bxa5 Nxa5 33. Kc3 Nc6 34. f3 g5 35. Bg1 Kf5 36. c5 h3 37. g3 e4 38. fxe4+ Kxe4 39.
Kc4 f5 40. Kb5 Kf3 41. Kb6 Kg2 42. Kxb7 Na5+ 43. Kb6 Kxg1 44. Kxa5 Kxh2 45. c6 Kxg3 46. c7 h2 47. c8=Q h1=Q 48. Qxf5 Qa8+ 49. Kb4 Qb7+ 50. Qb5 Qe7+ 51. Qc5 Qb7+ 52. Kc4 Qe4+ 53. Qd4 Qc6+ 54.
Kb3 Qb7+ 55. Qb4 Qd5+ 56. Qc4 Qb7+ 57. Ka2 Qg2+ 58. Ka3 Qf3+ 59. Qb3 Qxb3+ 60. Kxb3 Kh2 61. a5 g4 62. a6 g3 63. a7 g2 64. a8=Q g1=Q 65.
Qh8+ Kg2 66. Qg7+ Kf2 67. Qd4+ Kg2 68. Qg4+ Kf2 69. Qf4+ Kg2 70. Kc3 Qf2 71. Qa4 Qe3+ 72. Kc2 Qe2+ 73. Kc1 Qe3+ 74. Kb2 Qd2+ 75. Kb1 Qd3+ 76.
Kc1 Qc3+ 77. Kd1 Qd3+ 78. Ke1 Qe3+ 79. Kd1 Qd3+ 80. Kc1 Qc3+ 81. Kb1 Qd3+ 82. Kb2 Qd2+ 83. Ka3 Qd3+ 84. Ka2 Qd2+ 85. Kb1 Qd3+ 1/2-1/2

[Event "Late-Titled-Tuesday-Blitz-May-14-2024"]
[Site "Chess.com"]
[Date "2024.05.14"]
[Round "5"]
[White "subham777"]
[Black "TheWiscoIndian"]
[Result "0-1"]
[WhiteElo "2535"]
[BlackElo "2239"]
[TimeControl "180+1"]
[EndTime "14:56:12 PDT"]
[Termination "TheWiscoIndian won on time"]

1. e4 e6 2. Nf3 d5 3. Nc3 dxe4 4.
Nxe4 Nd7 5. d4 Ngf6 6. Ng3 Be7 7.
Bd3 b6 8. O-O Bb7 9. Re1 c5 10.
c3 cxd4 11. cxd4 Rc8 12. Bf4 Nd5 13. Bd2 N7f6 14. Ne5 O-O 15. a3 a6 16. Nh5 b5 17.
Nxf6+ Nxf6 18. Bc3 Qd5 19. f3 Rfd8 20. Qe2 Qd6 21.
Rad1 Nd5 22. Bd2 Qb6 23. Qf2 Bf6 24. f4 a5 25. Kh1 Ba6 26. Be4 b4 27. axb4 Nxb4 28. Be3 Nd5 29. Bc1 Bb7 30. g4 Nb4 31. Bxb7 Qxb7+ 32. Qg2 Qxg2+ 33. Kxg2 Rc2+ 34. Kg3 Na2 35. Bd2 Rxb2 36. Bxa5 Rd5 37. Nc4 Rb3+ 38. Kg2 g6 39. g5 Bxd4 40. Re2 Nc3 41. Red2 Nxd1 42. Rxd1 Rbb5 43. Be1 Rbc5 44. Ra1 Rxc4 0-1

[Event "Late-Titled-Tuesday-Blitz-May-14-2024"]
[Site "Chess.com"]
[Date "2024.05.14"]
[Round "5"]
[White "Chessdemon2019"]
[Black "osielchesslover2011"]
[Result "0-1"]
[WhiteElo "2452"]
[BlackElo "2254"]
[TimeControl "180+1"]
[EndTime "14:56:12 PDT"]
[Termination "osielchesslover2011 won by checkmate"]

1. c4 Nf6 2. Nc3 g6 3. e4 Bg7 4.
e5 Ng8 5. d4 d6 6. f4 Nd7 7.
Nf3 c5 8. exd6 exd6 9. d5 Ngf6 10. Be2 O-O 11. O-O Re8 12. Bd3 a6 13. Bd2 Ng4 14. Re1 f5 15. h3 Ngf6 16. Ng5 Nb6 17. Qf3 h6 18. Ne6 Bxe6 19. dxe6 Qc8 20. e7 Qd7 21. Qe2 Kf7 22. Nd5 Nbxd5 23. cxd5 Rxe7 24. Qf3 Rae8 25. Rxe7+ Rxe7 26. Bc3 b5 27. a3 a5 28. b4 axb4 29. axb4 cxb4 30. Bd4 Qe8 31. Kh2 Kg8 32.
Ra6 Ne4 33. Bxg7 Kxg7 34. Rb6 Nc3 35. Rxd6 Re3 36. Qf1 Qe7 37. Rb6 b3 38. d6 Qa7 39.
Rc6 Nd5 40. Bxb5 b2 41. Bc4 Qa1 42. d7 Qxf1 43. Bxf1 b1=Q 44. d8=Q Qxf1 45. Qxd5 Qxf4+ 46. Kg1 Re1# 0-1

[Event "Late-Titled-Tuesday-Blitz-May-14-2024"]
[Site "Chess.com"]
[Date "2024.05.14"]
[Round "5"]
[White "adriangschnitzer"]
[Black "FredddieCroderg"]
[Result "0-1"]
[WhiteElo "2543"]
[BlackElo "2327"]
[TimeControl "180+1"]
[EndTime "14:56:13 PDT"]
[Termination "FredddieCroderg won by checkmate"]

1. d4 d5 2. c4 e6 3. Nc3 Nf6 4.
Bg5 Be7 5. Nf3 O-O 6. e3 Re8 7. Qc2 c5 8. O-O-O cxd4 9. Nxd4 Nc6 10. h4 Nxd4 11. Rxd4 e5 12. Rd2 d4 13. exd4 exd4 14.
Nb5 Bc5 15. Be3 dxe3 16. Rxd8 Rxd8 17. Bd3 exf2 18. Nc7 Rb8 19. Nd5 Nxd5 20. cxd5 Be3+ 21. Kb1 Bg4 22. Qc4 h5 23. Qe4 Bh6 24. Rf1 Rbc8 25. a3 g6 26. Rxf2 Bf5 27. Rxf5 gxf5 28. Qxf5 Bg7 29.
Qxh5 Rd6 30. g4 Rb6 31. b4 Rc3 32. Qh7+ Kf8 33. Ka2 Rf6 34. h5 Rf2+ 35. Kb1 Rxa3 36. Kc1 Ra1+ 37. Bb1 Rf1+ 38. Kd2 Raxb1 39. h6 Rb2+ 40. Ke3 Be5 41. d6 Re1+ 42. Kf3 Rf1+ 43. Ke4 Re1+ 44. Kf5 Rf2+ 45. Kg5 Bf6+ 46. Kh5 Rh2# 0-1

[Event "Late-Titled-Tuesday-Blitz-May-14-2024"]
[Site "Chess.com"]
[Date "2024.05.14"]
[Round "5"]
[White "Firouzja2003"]
[Black "ameetghasi100"]
[Result "0-1"]
[WhiteElo "3154"]
[BlackElo "2793"]
[TimeControl "180+1"]
[EndTime "14:56:14 PDT"]
[Termination "ameetghasi100 won by resignation"]

1. e4 g6 2. d4 d6 3. Nc3 Nf6 4. Be3 a6 5. Nf3 Bg7 6. a4 O-O 7. h3 b6 8. e5 Ne8 9. Bc4 Nc6 10. Bd5 Bd7 11. h4 h5 12. Ng5 e6 13. Be4 dxe5 14.
dxe5 Nxe5 15. Bxa8 Qxa8 16. Qe2 Qxg2 17. O-O-O Nd6 18.
Bd4 Qg4 19. Qxg4 Nxg4 20. Bxb6 Bc6 21. Bxc7 Nf5 22. Rhf1 Nxh4 23. Rd6 Bg2 24. Rg1 Rc8 25. Rd7 Bh6 26. Bf4 Bc6 27. Ra7 Bxg5 28. Bxg5 Nf3 29. Rxg4 hxg4 30. Be3 g5 31. Rxa6 f5 32. a5 f4 33. Bc5 Bb7 34. Rb6 Rxc5 35. b4 Rxc3 36.
Rxb7 g3 37. fxg3 fxg3 38. Kb2 Rc8 39. Rd7 g2 40. Rd1 g1=Q 41. Rxg1 Nxg1 42. b5 Ne2 43. b6 Nd4 44. c4 Nc6 45. b7 Rb8 46. Kc3 Nxa5 0-1